 Dungeon Crawl Stone Soup version 0.25.1-2-g60ff931df9 (webtiles) character file.

Game seed: 7000118825112595071

1132 Colgate the Zephyrmancer (level 8, -5/41 HPs)
             Began as a Tengu Venom Mage on Sept 8, 2020.
             Was a Follower of Vehumet.
             Slain by an orc warrior
             ... wielding a +0 short sword
              (10 damage)
             ... on level 6 of the Dungeon.
             The game lasted 01:32:08 (8482 turns).

Colgate the Zephyrmancer (Tengu Venom Mage)         Turns: 8482, Time: 01:32:08

Health: -5/41      AC:  7    Str:  9    XL:     8   Next: 36%
Magic:  3/12       EV: 15    Int: 18    God:    Vehumet [*.....]
Gold:   350        SH:  5    Dex: 20    Spells: 2/11 levels left

rFire    . . .     SeeInvis .   K - +0 scythe "Larius" {freeze, rN+} (curse)
rCold    + . .     Gourm    .   (shield currently unavailable)
rNeg     + . .     Faith    .   J - +2 leather armour "Panucas" {rC+}
rPois    .         Spirit   .   (helmet restricted)
rElec    .         Reflect  +   h - +0 cloak
rCorr    .         Harm     .   m - +0 pair of gloves (curse)
MR       .....                  (boots unavailable)
Stlth    +.........             w - amulet of reflection
HPRegen  0.13/turn              j - +6 ring of dexterity
MPRegen  0.13/turn              H - ring of attention (curse)

@: flying quickly and evasively, very slightly contaminated, quick
A: beak, talons 3, able to fly
a: Stop Flying, Renounce Religion


You were on level 6 of the Dungeon.
You worshipped Vehumet.
Vehumet was aware of your devotion.
You were near starving.

You visited 1 branch of the dungeon, and saw 6 of its levels.

You collected 350 gold pieces.

Inventory:

Hand Weapons
 a - a +7 mace of holy wrath
 b - a +3 dagger of speed
 k - a +1 morningstar of protection
 z - a cursed -3 quarterstaff
 B - a +2 dagger of draining
 E - a +0 trident
 I - a +0 hand crossbow
 K - the cursed +0 scythe "Larius" (weapon) {freeze, rN+}
   (You found it on level 5 of the Dungeon)

   It has been specially enchanted to freeze those struck by it, causing extra
   injury to most foes and up to half again as much damage against particularly
   susceptible opponents.
   It can also slow down cold-blooded creatures.
   It protects you from negative energy.
   It has a curse placed upon it.
Missiles
 f - 48 arrows
 g - 142 stones (quivered)
 u - 17 poisoned darts
 x - 42 bolts
 D - 27 sling bullets
Armour
 d - a +0 robe
 h - a +0 cloak (worn)
 m - a cursed +0 pair of gloves (worn)
 q - a +0 scale mail
 C - +0 fire dragon scales
 J - the +2 leather armour "Panucas" (worn) {rC+}
   (You found it on level 5 of the Dungeon)

   It protects you from cold.
 M - a +0 plate armour
Jewellery
 j - a +6 ring of dexterity (left hand)
 o - an uncursed ring of see invisible
 s - an uncursed ring of ice
 w - an amulet of reflection (around neck)
 H - a cursed ring of attention (right hand)
Wands
 F - a wand of acid (5)
 O - a wand of flame (9)
Scrolls
 e - 4 scrolls of teleportation
 i - a scroll of fog
 p - a scroll of enchant weapon
Potions
 l - a potion of cancellation
 r - a potion of stabbing {unknown}
 t - 3 potions of curing
 G - 2 potions of heal wounds {unknown}
 L - a potion of magic {unknown}
Comestibles
 c - 8 rations


   Skills:
 - Level 2.0 Polearms
 - Level 2.2 Armour
 - Level 2.1 Dodging
 - Level 2.0 Stealth
 - Level 2.0 Spellcasting
 - Level 0.7 Transmutations
 + Level 11.0 Air Magic
 - Level 4.0 Poison Magic


You had 2 spell levels left.
You knew the following spells:

 Your Spells              Type           Power        Failure   Level  Hunger
a - Sting                 Tmut/Pois      ##..         10%         1    #......
b - Poisonous Vapours     Pois/Air       ####..       1%          2    ###....
c - Mephitic Cloud        Conj/Pois/Air  ###.....     10%         3    ###....
d - Ignite Poison         Fire/Tmut/Pois #.......     36%         3    ###....

Your spell library contained the following spells:

 Spells                   Type           Power        Failure   Level  Hunger
 Magic Dart               Conj           #...         24%         1    #......
 Olgreb's Toxic Radiance  Pois           ###.....     43%         4    #####..


Dungeon Overview and Level Annotations

Branches:
Dungeon (6/15)             Temple (0/1) D:6

Altars:
Gozag
Trog
Vehumet
The Shining One

Shops:
D:4 [

Annotations:
D:6 3 runed translucent doors, Acheron's ghost, amateur GrNe


Innate Abilities, Weirdness & Mutations

You have a beak for a mouth.
You have claws for feet.
You can fly continuously.


Message History

The orc warrior is lightly wounded.
The orc warrior barely misses you.
You completely miss the orc warrior. Your kick misses the orc warrior.
The orc warrior is lightly wounded.
The orc warrior hits you with a +0 short sword!
The orc warrior hits you with a +0 short sword.
* * * LOW HITPOINT WARNING * * *
You barely miss the orc warrior.
You peck the orc warrior, but do no damage.
The orc warrior is lightly wounded.
The orc warrior hits you with a +0 short sword.
* * * LOW HITPOINT WARNING * * *
The orc warrior hits you with a +0 short sword.
* * * LOW HITPOINT WARNING * * *
You closely miss the orc warrior. You claw the orc warrior.
The orc warrior is lightly wounded.
The orc warrior closely misses you.
The orc priest begins to cast a cantrip, but forgets the words!
The orc warrior hits you with a +0 short sword!
You die...

#.##......<# #.# #
#.......# #.# #.......#
#.## ####.##.##.# #..#
........##.# ##.#
.[....####.# #.### #
...........# #.#.# .
.#.......o5#####..# ##.#
......##.ooo@....###.#.#
......(.#######.##.....
......#(# ##.#.#.# .....
#ยง# ###...##.### ....
#.# #........... ###
##.## #.##.##.#### #)..#
#.#...#.### #...#
####.#.#.....### #
###'###..#...........###


You could see an orc warrior, an orc priest, a crimson imp and 2 orcs.

Vanquished Creatures
  3 phantoms
  2 ogres
  A wyvern zombie (D:6)
  An orc priest (D:6)
  A bullfrog skeleton (D:4)
  A hound (D:3)
  4 iguanas
  4 orc wizards
  2 centaur skeletons
  2 worker ants
  A howler monkey zombie (D:5)
  Robin (D:3)
  4 gnolls (D:2)
  8 adders
  2 shadow imps
  An ooze (D:4)
  7 worms
  3 dart slugs
  5 leopard geckos
  9 orcs
  3 giant cockroaches
  9 goblins
  9 hobgoblins
  2 jackals (D:1)
  5 quokkas
  2 ball pythons (D:1)
  10 bats
  4 frilled lizards
  8 kobolds
  7 rats
121 creatures vanquished.

Notes
Turn   | Place    | Note
-------+----------+-------------------------------------------
     0 | D:1      | Colgate the Tengu Venom Mage began the quest for the Orb.
     0 | D:1      | Reached XP level 1. HP: 10/10 MP: 4/4
   216 | D:1      | Reached XP level 2. HP: 15/15 MP: 6/6
   221 | D:1      | Learned a level 2 spell: Poisonous Vapours
   879 | D:1      | Reached skill level 1 in Air Magic
   879 | D:1      | Reached XP level 3. HP: 17/19 MP: 0/7
  1300 | D:2      | Reached skill level 2 in Air Magic
  1466 | D:2      | Reached skill level 3 in Air Magic
  1466 | D:2      | Reached XP level 4. HP: 24/24 MP: 0/8
  1851 | D:2      | Reached skill level 4 in Air Magic
  2601 | D:3      | Noticed Robin
  2605 | D:3      | Killed Robin
  2670 | D:3      | Gained mutation: You can fly continuously. [Tengu growth]
  2670 | D:3      | Reached XP level 5. HP: 28/28 MP: 9/9
  2719 | D:3      | Reached skill level 5 in Air Magic
  2912 | D:3      | Learned a level 3 spell: Mephitic Cloud
  3393 | D:3      | Reached skill level 6 in Air Magic
  3644 | D:3      | Reached XP level 6. HP: 32/32 MP: 2/10
  3844 | D:3      | Found a bloodstained altar of Trog.
  3844 | D:3      | Found a radiant altar of Vehumet.
  3851 | D:3      | Became a worshipper of Vehumet
  4409 | D:4      | Noticed a phantom
  4627 | D:3      | Learned a level 3 spell: Ignite Poison
  4647 | D:4      | Reached skill level 7 in Air Magic
  5223 | D:4      | Found Gevykon's Antique Armour Shop.
  5982 | D:4      | Noticed a phantom
  5987 | D:4      | Killed a phantom
  5987 | D:4      | Reached skill level 8 in Air Magic
  5987 | D:4      | Reached XP level 7. HP: 36/36 MP: 11/11
  6185 | D:5      | Entered Level 5 of the Dungeon
  6204 | D:4      | Reached skill level 9 in Air Magic
  6403 | D:5      | Found a glowing golden altar of the Shining One.
  6803 | D:5      | Got a dazzling leather armour
  6813 | D:5      | Identified the +2 leather armour "Panucas" {rC+} (You found
                  | it on level 5 of the Dungeon)
  6827 | D:5      | Reached * piety under Vehumet
  6827 | D:5      | Offered knowledge of Magic Dart by Vehumet.
  6921 | D:5      | Got a smoking scythe
  6921 | D:5      | Identified the cursed +0 scythe "Larius" {freeze, rN+} (You
                  | found it on level 5 of the Dungeon)
  7437 | D:6      | Reached skill level 10 in Air Magic
  7437 | D:6      | Reached XP level 8. HP: 22/41 MP: 8/12
  7598 | D:6      | Found a runed translucent gate.
  7598 | D:6      | Found a runed translucent gate.
  7598 | D:6      | Found a runed translucent gate.
  7599 | D:6      | Found an opulent altar of Gozag.
  7601 | D:6      | Noticed Acheron's ghost (amateur GrNe)
  7615 | D:6      | Found a staircase to the Ecumenical Temple.
  8264 | D:6      | Reached skill level 11 in Air Magic
  8482 | D:6      | Slain by an orc warrior

Illustrated notes

Levels and vault maps discovered:
D:1:      minmay_arrival_solitary_statue, layout_loops_ring
D:2:      layout_loops_ring, first_ration
D:3:      minmay_chambers_of_twos, layout_loops_ring,
          gammafunk_temple_overflow_wave, uniq_robin
D:4:      layout_basic, serial_shops, shop
D:5:      layout_cave_pools, minmay_misc_feat_nine_boxes,
          nicolae_tso_carved_into_rock
D:6:      layout_loops_cross, minmay_temple_entry_glassed_door,
          ebering_ghost_gozag, basic_altar, uniq_pikel

Skill      XL: |  1  2  3  4  5  6  7  8 |
---------------+-------------------------+-----
Poison Magic   | 4 |  4.0
Air Magic      | 1 3 4 6 8 10 11 | 11.0
Armour         | 2 |  2.2
Polearms       | 2 |  2.0
Dodging        | |  2.1
Stealth        | |  2.0
Spellcasting   | |  2.0
Transmutations | |  0.7

Action                   |  1- 3 |  4- 6 |  7- 9 || total
-------------------------+-------+-------+-------++-------
Melee: Dagger            |    24 |    44 |     2 ||    70
       Kick              |     5 |    14 |    13 ||    32
       Peck              |     1 |    10 |     8 ||    19
       Spear             |       |    16 |       ||    16
       Trident           |       |     9 |    10 ||    19
       Mace              |       |     9 |     7 ||    16
       Scythe            |       |       |    39 ||    39
Throw: Stone             |     1 |    18 |     7 ||    26
 Cast: Sting             |     7 |       |       ||     7
       Poisonous Vapours |    29 |    84 |    41 ||   154
       Mephitic Cloud    |       |     1 |     6 ||     7
       Ignite Poison     |       |       |     4 ||     4
 Abil: Fly               |       |     1 |       ||     1
  Use: Scroll            |       |       |    10 ||    10
 Stab: Sleeping          |     3 |    11 |     1 ||    15
       Distracted        |       |     1 |       ||     1
  Eat: Chunk             |     4 |    15 |     4 ||    23
       Ration            |       |     1 |     2 ||     3
Armor: Robe              |     5 |     3 |       ||     8
       Leather armour    |       |     4 |    11 ||    15
Dodge: Dodged            |    17 |    39 |    29 ||    85
Block: Other             |       |     8 |    15 ||    23
       Reflection        |       |     1 |       ||     1
